 Dungeon Crawl Stone Soup version 0.32-a0-738-g1a05c61809 (webtiles) character file.

Game seed: 13128583248963581926

73 Descartes the Chopper (level 4, 0/38 HPs)
             Began as a Mountain Dwarf Chaos Knight on Mar 17, 2024.
             Was a Plaything of Xom.
             Killed from afar by a white imp (12 damage)
             ... with a puff of frost
             ... summoned by Xom
             ... on level 2 of the Dungeon.
             The game lasted 00:01:26 (1221 turns).

Descartes the Chopper (Mountain Dwarf Chaos Knight) Turns: 1221, Time: 00:01:27

Health: 0/38       AC:  5    Str: 14      XL:     4   Next: 8%
Magic:  4/4        EV: 10    Int: 13      God:    Xom [.*....]
Gold:   78         SH:  0    Dex:  9 (11) Spells: 3/3 levels left

rFire   . . .        a - +0 hand axe (chaos)
rCold   . . .        (no shield)
rNeg    . . .        b - +2 leather armour
rPois   .            (no helmet)
rElec   .            (no cloak)
rCorr   .            (no gloves)
SInv    .            (no boots)
Will    .....        (no amulet)
Stlth   +            (no ring)
HPRegen 0.26/turn    (no ring)
MPRegen 0.09/turn

%: no passive effects
@: no status effects
A: runic magic, artefact enchanting
a: Renounce Religion


You were on level 2 of the Dungeon.
You worshipped Xom.
You were a plaything of Xom.
You visited 1 branch of the dungeon, and saw 2 of its levels.

You collected 78 gold pieces.

Inventory:

Hand Weapons
 a - a +0 hand axe of chaos (weapon)
Armour
 b - a +2 leather armour (worn)
Scrolls
 c - 2 scrolls of butterflies
 d - a scroll of vulnerability {unknown}
 f - 4 scrolls of identify {unknown}
 g - 2 scrolls of teleportation {unknown}
 h - 2 scrolls of blinking {unknown}
Potions
 e - 2 potions of degeneration {unknown}
 i - 2 potions of mutation {unknown}
 j - 2 potions of lignification {unknown}
 k - 2 potions of berserk rage {unknown}
 l - a potion of invisibility {unknown}


   Skills:
 - Level 3.2 Fighting
 + Level 5.0 Axes
 + Level 3.7 Armour
 - Level 0.6 Dodging


You had 3 spell levels left.
You didn't know any spells.
Your spell library was empty.

Dungeon Overview and Level Annotations

Branches:
Dungeon (2/15)

Altars:


Innate Abilities, Weirdness & Mutations

Your spellcasting is much less encumbered by armour.
You can use scrolls of enchantment on lesser artefacts.


Message History

You hit the quasit but do no damage. The quasit completely misses you.
The quasit claws you but does no damage. x2
The iron imp hits you. The white imp misses you.
Unknown command.
You slash the iron imp! You freeze the iron imp.
The iron imp is heavily wounded.
You hit the white imp but do no damage. You hit the quasit but do no damage.
The quasit becomes as fragile as glass!
The quasit bites you but does no damage.
The quasit closely misses you.
The quasit claws you but does no damage.
The white imp gestures at you. The puff of frost hits you.
The iron imp hits you.
You slash the iron imp!
The iron imp flies into a frenzy!
The iron imp is almost dead.
You barely miss the white imp. You hit the quasit but do no damage.
The quasit barely misses you. The quasit claws you.
The quasit claws you but does no damage.
The iron imp barely misses you.
The white imp hits you but does no damage.
The quasit bites you.
You feel clumsy. The quasit barely misses you.
The quasit claws you but does no damage.
You are too injured to fight recklessly!
Unknown command.
Unknown command.
You are too injured to fight recklessly!
You completely miss the quasit. You hit the iron imp but do no damage.
The iron imp appears confused.
You barely miss the white imp. The quasit bites you.
The quasit claws you but does no damage.
The quasit closely misses you. The white imp hits you.
The white imp freezes you.
You miss the quasit. You hit the iron imp but do no damage.
You hit the white imp.
The white imp seems to speed up.
The white imp gestures at you. The puff of frost hits you!
You die... "It's all fun and games until someone loses an eye."

#.#....##.#
#.#....##.####
#.#...........
######.'.......####
#......#....#......
#......#....#.#####
#......#....#.#
#.5....#....#.# #
#5@....######.#####
+.5................
#......######.#####
#.....#.....#.# #
#.....#.....#.#####
+...........#......
#...........#.#####
#...........#.# #
#...........#†# #


You could see a quasit (summoned, vitrified), a white imp (summoned, fast) and a
neutral iron imp (summoned, fast, strong, frenzied, confused, weak).

Vanquished Creatures
  3 adders (D:2)
  A dart slug (D:1)
  3 ball pythons (D:1)
  5 bats
  3 endoplasms
  A giant cockroach (D:1)
  2 goblins
  3 hobgoblins (D:1)
  5 jackals
  4 kobolds
  3 quokkas
  5 frilled lizards (D:1)
  4 rats (D:1)
42 creatures vanquished.

Notes
Turn   | Place    | Note
-------+----------+-------------------------------------------
     0 | D:1      | Descartes the Mountain Dwarf Chaos Knight began the quest
                  | for the Orb.
     0 | D:1      | Reached XP level 1. HP: 19/19 MP: 1/1
    61 | D:1      | Reached skill level 4 in Axes
    61 | D:1      | Reached XP level 2. HP: 15/26 MP: 2/2
    85 | D:1      | XOM: noise
   218 | D:1      | XOM: silly message
   454 | D:1      | Reached XP level 3. HP: 20/31 MP: 3/3
  1097 | D:2      | Reached XP level 4. HP: 35/38 MP: 4/4
  1164 | D:2      | Reached skill level 5 in Axes
  1213 | D:2      | XOM: summons 3 hostile demons
  1221 | D:2      | Killed from afar by a white imp

Illustrated notes

Levels and vault maps discovered:
D:1:      dpeg_arrival_renting, layout_basic, serial_rivers,
          chequers_serial_rivers_micro_d, chequers_serial_rivers_micro_d,
          chequers_serial_rivers_micro_a, chequers_serial_rivers_small_3,
          hangedman_decor_growths, minmay_pentomino_w4
D:2:      layout_basic, minmay_misc_feat_ornament

Skill      XL: |  1  2  3  4 |
---------------+-------------+-----
Axes           | 4 5 |  5.0
Armour         | 3 |  3.7
Fighting       | |  3.2
Dodging        | |  0.6

Action                     |  1- 3 |  4- 6 || total
---------------------------+-------+-------++-------
  Melee: Hand axe          |   111 |    16 ||   127
   Stab: Petrifying        |     1 |       ||     1
         Paralysed         |       |     1 ||     1
 Armour: Leather armour    |    81 |    27 ||   108
  Dodge: Dodged            |    63 |    24 ||    87

Table legend: (Time is in decaauts)
 A = Elapsed time spent in this place.
 B = Non-inter-level travel time spent in this place.
 C = Inter-level travel time spent in this place.
 D = Time resting spent in this place.
 E = Time spent auto-exploring this place.
 F = Levels seen in this place.
 G = Mean time per level.
                   A        B        C        D        E       F      G
               +--------+--------+--------+--------+--------+-----+--------+
         Total |   1234 |   1211 |     23 |      0 |    956 |   2 |  617.0 |
       Dungeon |   1234 |   1211 |     23 |      0 |    956 |   2 |  617.0 |
               +--------+--------+--------+--------+--------+-----+--------+

Top non-repeatable levels by time:
     D:1: 899 daAuts
     D:2: 335 daAuts
